 Dungeon Crawl Stone Soup version 0.18-a0-1123-gbd92598 (webtiles) character file.

19194 M4edhros the Covert (level 12, -1/68 HPs)
             Began as an Octopode Artificer on Jan 19, 2016.
             Was a High Priest of Fedhas.
             Slain by a polar bear (17 damage)
             ... in an ice cave.
             The game lasted 00:27:29 (13915 turns).

M4edhros the Covert (Octopode Artificer)           Turns: 13915, Time: 00:27:30

Health: -1/68      AC:  8    Str: 12    XL:     12   Next: 66%
Magic:  16/16      EV: 21    Int: 28    God:    Fedhas [*****.]
Gold:   628        SH:  8    Dex: 11    Spells: 1 memorised, 9 levels left

rFire  . . .     SeeInvis .     t - +8 hunting sling (evade)
rCold  . . .     Gourm    .     E - +0 buckler
rNeg   . . .     Faith    .     a - +2 hat
rPois  .         Spirit   .     B - +2 amulet of reflection
rElec  .         Dismiss  .     q - +5 ring of intelligence
rCorr  .         Reflect  +     C - +3 ring of intelligence
SustAt .         Harm     .     p - ring of stealth
MR     ++...                    x - +2 ring of slaying
Stlth  +++++++++.               G - ring of protection from magic
                                j - ring of stealth
                                (no ring)
                                (no ring)

@: studying Dodging, very resistant to hostile enchantments, incredibly stealthy
A: almost no armour, amphibious, 8 rings, constrict 8, antennae 1, icy blue
scales 1, rough black scales 1, camouflage 1, low mp 1, magic resistance 1,
sense surroundings 1, strong 1, gelatinous body 1
a: Evolution, Sunlight, Growth, Reproduction, Rain, Renounce Religion


You were in an ice cave.
You worshipped Fedhas.
Fedhas was extremely pleased with you.
You were not hungry.

You visited 2 branches of the dungeon, and saw 13 of its levels.
You also visited: Ice Cave.

You collected 901 gold pieces.
You spent 273 gold pieces at shops.

Inventory:

Hand Weapons
 k - a +1 short sword of speed
 t - a +8 hunting sling of evasion (weapon)
Missiles
 h - 128 stones (quivered)
 i - 66 sling bullets
Armour
 a - a +2 hat (worn)
 E - a +0 buckler (worn)
Jewellery
 j - a ring of stealth (on tentacle)
 p - a ring of stealth (on tentacle)
 q - a +5 ring of intelligence (left tentacle)
 x - a +2 ring of slaying (on tentacle)
 B - a +2 amulet of reflection (around mantle)
 C - a +3 ring of intelligence (right tentacle)
 G - a ring of protection from magic (on tentacle)
Wands
 c - a wand of enslavement (10/24)
 u - a wand of polymorph (17/24)
 v - a wand of teleportation (5/9)
 z - a wand of confusion (23/48)
 F - a wand of slowing (26/48)
 H - a wand of digging (13/24)
Scrolls
 b - a scroll of enchant armour
 d - a scroll of blinking
 o - a scroll of fear
 y - 3 scrolls of teleportation
 D - 2 scrolls of fog
Potions
 e - a potion of heal wounds
 l - 2 potions of agility
 n - 2 potions of lignification
 s - a potion of flight
Books
 g - a book of Debilitation

   Spells                             Type                      Level
   a - Corona                         Hexes                        1
   b - Slow                           Hexes                        2
   c - Gell's Gravitas                Hexes/Translocation          3
   d - Inner Flame                    Hexes/Fire                   3
   e - Cause Fear                     Hexes                        4
   f - Leda's Liquefaction            Hexes/Earth                  4
 w - a manual of Dodging
Comestibles
 f - 7 bread rations
 m - 7 fruits
 r - 2 slices of pizza


   Skills:
 - Level 1.0 Fighting
 - Level 1.0 Short Blades
 * Level 9.3 Slings
 * Level 10.0 Dodging
 * Level 13.3 Stealth
 * Level 8.6 Shields
 + Level 7.2 Invocations
 + Level 7.9 Evocations


You had 9 spell levels left.
You knew the following spells:

 Your Spells              Type           Power        Failure   Level  Hunger
a - Swiftness             Chrm/Air       #.......     17%         2    ###....


Dungeon Overview and Level Annotations

Branches:
Dungeon (11/15)            Temple (0/1) D:5            Lair (2/8) D:10
    Orc: D:9-12

Altars:
Ashenzari
Cheibriados
Dithmenos
Fedhas
Gozag
Kikubaaqudgha
Okawaru
Pakellas
Ru
Trog
Vehumet
Xom
Yredelemnul
Zin

Shops:
D:5 (   D:7 =


Innate Abilities, Weirdness & Mutations

You cannot wear most types of armour.
You are amphibious.
You can wear up to eight rings at the same time.
You can use your tentacles to constrict eight enemies at once.
Your skin changes colour to match your surroundings (Stealth).
Your rubbery body absorbs attacks (AC +1).
You have a pair of small antennae on your head.
You are partially covered in icy blue scales (AC +1).
You are partially covered in rough black scales (AC +4, Dex -1).
Your magical capacity is low (-10% MP).
You are resistant to hostile enchantments.
You passively map a small area around you.
Your muscles are strong. (Str +2)


Message History

You shoot a stone. The stone barely misses the polar bear.
The stone hits the polar bear!
The polar bear is moderately wounded.
The polar bear misses you. The polar bear completely misses you.
The polar bear claws you but does no damage.
Firing (i - inventory. (,) - cycle):
h - 129 stones (quivered)
Press: ? - help, Shift-Dir - straight line, f/p - polar bear
Aim: a polar bear (moderately wounded)
You shoot a stone.
The stone hits the polar bear but does no damage.
The polar bear is almost dead.
The polar bear bites you!!
* * * LOW HITPOINT WARNING * * *
The polar bear closely misses you. The polar bear misses you.
A wolf comes into view.
Your wandering mushroom barely misses the polar bear.
The wolf stops to sniff the ground.
You block the wolf's attack. The polar bear bites you!
You die...
Fedhas appreciates your contribution to the ecosystem.

* ########## *
⌠,*,*#######.h@##hhY# # * *
#..#...##fh(##..Y# #######
#..##########hhYh#
≈≈#≈≈.#####{.##≈≈≈≈≈≈##hhC.
≈≈≈≈#≈f.##f.##≈≈≈≈≈≈≈≈#


.hh ≈#≈≈≈##ff.###≈≈≈≈≈≈≈### .# ###≈≈≈#####≈≈≈≈≈≈#### # ≈≈≈≈≈#≈≈#≈≈≈###### *
#≈≈≈≈≈≈≈≈≈≈## ,, , You could see a polar bear (berserk), a wolf and a friendly
wandering mushroom.

Vanquished Creatures
  Gastronok (Lair:1)
  2 hill giants
  A black mamba (Lair:2)
  2 spiny frogs (Lair:2)
  5 komodo dragons
  7 polar bears (IceCv)
  2 wyverns
  A vampire (D:9)
  11 yaks
  Eustachio (D:5)
  A steam dragon (D:10)
  10 wolves
  A mottled dragon (D:10)
  2 water moccasins (Lair:2)
  4 porcupines (Lair:1)
  An orc warrior (D:11)
  3 black bears
  4 ice beasts
  A sky beast (D:7)
  3 ogres
  2 phantoms
  4 crocodiles
  2 centaurs
  2 big kobolds
  A wandering mushroom (Lair:2)
  5 giant frogs
  Dowan (D:7)
  7 scorpions
  4 killer bees (D:10)
  4 crimson imps
  3 hounds
  9 jellies
  3 orc priests
  4 orc wizards
  4 centaur skeletons
  A giant frog skeleton (D:4)
  Ijyb (D:3)
  6 iguanas
  Natasha (D:4)
  4 worker ants
  5 gnolls
  19 river rats (Lair:2)
  18 adders
  A shadow imp (D:8)
  12 white imps (D:11)
  14 oozes
  4 adder skeletons
  3 worms
  13 giant geckos
  24 orcs
  A bat skeleton (D:2)
  A bat zombie (D:2)
  5 giant cockroaches
  6 goblins
  4 hobgoblins
  8 jackals
  18 kobolds
  6 quokkas
  A ball python (D:5)
  10 bats
  A giant gecko skeleton (D:2)
  6 giant newts
  2 jackal skeletons
  3 quokka skeletons
  4 rats
  2 toadstools (IceCv)
322 creatures vanquished.

Vanquished Creatures (collateral kills)
  A hydra (Lair:1)
  A death yak (IceCv)
  A hill giant (D:11)
  A black mamba (Lair:1)
  A gargoyle (D:10)
  4 komodo dragons
  The ghost of cireshan the Conjurer, a novice HECj of Sif Muna (D:5)
  4 polar bears (IceCv)
  Grinder (D:6)
  9 yaks
  A hippogriff (Lair:1)
  A wolf (Lair:2)
  Duvessa (D:7)
  2 water moccasins
  A porcupine (Lair:1)
  2 orc warriors
  A black bear (D:10)
  An ogre (D:5)
  A giant frog (D:10)
  A killer bee (D:10)
  An orc priest (D:10)
  An iguana (D:11)
  A worker ant (D:5)
  Natasha (twice) (D:4)
  Robin (D:3)
  2 adders
  A gnoll (D:5)
  4 river rats (Lair:2)
  2 giant geckos
  4 orcs
  4 goblins
  3 hobgoblins (D:3)
  3 jackals
  A kobold (D:9)
  A rat (D:2)
67 creatures vanquished.

Vanquished Creatures (others)
  An oklob plant (D:6)
  2 wolves
  A porcupine (Lair:1)
  10 wandering mushrooms
  A centaur (D:8)
  An orc (D:10)
  2 goblins
  A giant cockroach zombie (D:2)
  5 fungi (D:6)
  329 toadstools
353 creatures vanquished.

Grand Total: 742 creatures vanquished

Notes
Turn   | Place    | Note
--------------------------------------------------------------
     0 | D:1      | M4edhros the Octopode Artificer began the quest for the Orb.
     0 | D:1      | Reached XP level 1. HP: 13/13 MP: 3/3
    91 | D:1      | Reached XP level 2. HP: 16/18 MP: 4/4
   359 | D:3      | Noticed Robin
   621 | D:2      | Found an oddly glowing altar of Pakellas.
   657 | D:2      | Reached XP level 3. HP: 11/23 MP: 5/5
  1066 | D:3      | Noticed Ijyb
  1073 | D:3      | Killed Ijyb
  1073 | D:3      | Reached XP level 4. HP: 21/28 MP: 6/6
  1091 | D:3      | Found an ancient bone altar of Kikubaaqudgha.
  1092 | D:3      | Found a blossoming altar of Fedhas.
  1098 | D:3      | Became a worshipper of Fedhas Madash
  1314 | D:2      | Found a glowing silver altar of Zin.
  1543 | D:2      | Reached * piety under Fedhas
  1624 | D:2      | Reached XP level 5. HP: 10/33 MP: 7/7
  1782 | D:2      | Reached skill level 4 in Stealth
  2494 | D:1      | Reached skill level 1 in Invocations
  2720 | D:3      | Killed Robin
  2757 | D:3      | Found a radiant altar of Vehumet.
  2886 | D:3      | Reached ** piety under Fedhas
  3250 | D:3      | Found a faded altar to an unknown god.
  3455 | D:4      | Noticed a phantom
  3466 | D:4      | Killed a phantom
  3466 | D:4      | Reached skill level 1 in Slings
  3466 | D:4      | Reached skill level 5 in Stealth
  3466 | D:4      | Reached XP level 6. HP: 38/38 MP: 9/9
  3643 | D:4      | Noticed Natasha
  3656 | D:4      | Killed Natasha
  3682 | D:4      | Noticed Natasha
  3690 | D:4      | Killed Natasha
  3865 | D:4      | Found a bloodstained altar of Trog.
  3970 | D:4      | Noticed Natasha
  3978 | D:4      | Killed Natasha
  3978 | D:4      | Reached XP level 7. HP: 37/43 MP: 10/10
  4035 | D:4      | Gained mutation: You are partially covered in icy blue scales (AC +1). [potion of mutation]
  4035 | D:4      | Gained mutation: You have a pair of small antennae on your head. [potion of mutation]
  4035 | D:4      | Gained mutation: You are partially covered in rough black scales (AC +4, Dex -1). [potion of mutation]
  4212 | D:5      | Entered Level 5 of the Dungeon
  4217 | D:5      | Reached skill level 1 in Shields
  4392 | D:5      | Found a staircase to the Ecumenical Temple.
  4458 | D:5      | Reached skill level 6 in Stealth
  4461 | D:5      | Found Socw's Antique Weapon Shoppe.
  4497 | D:5      | Noticed cireshan's ghost (novice HECj)
  4505 | D:5      | Killed cireshan's ghost
  4515 | D:5      | Found a sacrificial altar of Ru.
  4520 | D:5      | Found an opulent altar of Gozag.
  4527 | D:5      | Found a shimmering altar of Xom.
  4540 | D:5      | Reached skill level 5 in Dodging
  4621 | D:5      | Noticed Eustachio
  4634 | D:5      | Reached XP level 8. HP: 26/48 MP: 11/11
  4665 | D:5      | Killed Eustachio
  5032 | D:6      | Reached skill level 7 in Stealth
  5223 | D:6      | Noticed Grinder
  5237 | D:6      | Killed Grinder
  5237 | D:6      | Reached skill level 5 in Evocations
  5239 | D:6      | Reached *** piety under Fedhas
  5267 | D:6      | Noticed an oklob plant
  5284 | D:6      | Killed an oklob plant
  5330 | D:6      | Reached XP level 9. HP: 46/53 MP: 12/12
  5381 | D:6      | Reached skill level 8 in Stealth
  5492 | D:6      | Found a basalt altar of Yredelemnul.
  5492 | D:6      | Found a snail-covered altar of Cheibriados.
  5864 | D:7      | Found a shattered altar of Ashenzari.
  5911 | D:7      | Gained mutation: You are frail (-10% HP). [mutagenic meat]
  5912 | D:7      | Gained mutation: You are resistant to hostile enchantments. [mutagenic meat]
  5914 | D:7      | Gained mutation: You passively map a small area around you. [mutagenic meat]
  5915 | D:7      | Lost mutation: You are frail (-10% HP). [mutagenic meat]
  5963 | D:7      | Noticed Duvessa
  5963 | D:7      | Noticed Dowan
  5972 | D:7      | Killed Duvessa
  5979 | D:7      | Killed Dowan
  6357 | D:7      | Found Tush's Jewellery Shop.
  6368 | D:7      | Bought a +2 ring of slaying for 273 gold pieces
  6824 | D:8      | Reached **** piety under Fedhas
  6839 | D:8      | Found an iron altar of Okawaru.
  7011 | D:8      | Learned a level 2 spell: Swiftness
  7179 | D:8      | Reached skill level 5 in Slings
  7289 | D:8      | Reached skill level 9 in Stealth
  7464 | D:9      | Reached skill level 5 in Shields
  7464 | D:9      | Reached XP level 10. HP: 58/58 MP: 14/14
  7647 | D:9      | Found a shadowy altar of Dithmenos.
  8647 | D:10     | Entered Level 10 of the Dungeon
  8848 | D:10     | Reached skill level 5 in Invocations
  8864 | D:10     | Reached ***** piety under Fedhas
  8920 | D:10     | Reached skill level 10 in Stealth
  9020 | D:10     | Gained mutation: Your magical capacity is low (-10% MP). [potion of mutation]
  9020 | D:10     | Gained mutation: Your muscles are strong. (Str +2) [potion of mutation]
  9320 | D:10     | Noticed a gargoyle
  9335 | D:10     | Killed a gargoyle
  9392 | D:10     | Noticed a hill giant
  9409 | D:10     | Killed a hill giant
  9594 | D:10     | Reached XP level 11. HP: 55/63 MP: 14/14
  9670 | D:10     | Found a staircase to the Lair.
  9726 | Lair:1   | Entered Level 1 of the Lair of Beasts
  9743 | Lair:1   | Noticed Gastronok
  9767 | Lair:1   | Killed Gastronok
  9767 | Lair:1   | Reached skill level 11 in Stealth
  9827 | Lair:1   | Noticed a six-headed hydra
  9938 | Lair:1   | Killed a six-headed hydra
 11045 | Lair:2   | Reached skill level 12 in Stealth
 12308 | D:11     | Reached XP level 12. HP: 68/68 MP: 15/15
 12573 | D:11     | Found a frozen archway.
 12588 | IceCv    | Entered an ice cave
 13515 | IceCv    | Noticed a death yak
 13530 | IceCv    | Killed a death yak
 13530 | IceCv    | Reached skill level 13 in Stealth
 13881 | IceCv    | Noticed a frost giant
 13890 | IceCv    | Reached skill level 10 in Dodging
 13915 | IceCv    | Slain by a polar bear

Vault maps used:
D:1:      dpeg_arrival_houses_and_road
D:2:      zin_academy, lemuel_round_altar, serial_undead, serial_undead_a,
          serial_undead_c, serial_undead_e, serial_undead_d
D:3:      grunt_temple_overflow_growth_and_decay, fiery_altar_vehumet,
          ecumenical_altar_1, uniq_iyjb, uniq_robin
D:4:      lightli_temple_of_fire, uniq_natasha
D:5:      grunt_temple_overflow_open, lemuel_temple_firewalk_marked,
          serial_shops, nicolae_shop_trees, first_bread, abandoned_shop,
          fountainhead, uniq_eustachio
D:6:      lemuel_slime, gammafunk_temple_overflow_elements, uniq_grinder
D:7:      overflow_temple_1_default, serial_shops, shop, uniq_duvessa
D:8:      okawaru_ov_weapons_minmay
D:9:      nicolae_dithmenos_through_a_glass_darkly, grunt_pizzeria
D:10:     erik_lair_dragon
D:11:     erik_orc_1, portal_ice_cave_entry_imps, kennysheep_generic_room_5
Lair:1:   beast_lair_carwin_5, uniq_gastronok
Lair:2:   small_statue_intersection
IceCv:    ice_cave_caverns_03

Action                   |  1- 3 |  4- 6 |  7- 9 | 10-12 || total
-------------------------+-------+-------+-------+-------++-------
Melee: Short sword       |    24 |       |       |    11 ||    35
       Rapier            |    23 |    41 |       |       ||    64
       Dagger            |       |       |    46 |     1 ||    47
 Fire: Hunting sling     |       |   125 |   375 |   835 ||  1335
Invok: Evolution         |       |     2 |     3 |    12 ||    17
       Sunlight          |       |       |       |     1 ||     1
Evoke: Wand              |     6 |     2 |     1 |     3 ||    12
  Use: Scroll            |       |     9 |     8 |     8 ||    25
       Potion            |       |       |    10 |     4 ||    14
 Stab: Sleeping          |     6 |     4 |     5 |     2 ||    17
       Distracted        |       |       |     1 |       ||     1
  Eat: Meat ration       |       |     2 |     2 |     3 ||     7
       Chunk             |       |       |     5 |       ||     5
       Bread ration      |       |       |       |     1 ||     1
